 Dungeon Crawl Stone Soup version 0.18-a0-1800-gdc7a371 (webtiles) character file.

305 4thArraOfDagon the Covert (level 6, -16/30 HPs)
             Began as a Spriggan Assassin on Apr 24, 2016.
             Killed from afar by a deep elf mage (44 damage)
             ... with a bolt of fire
             ... on level 7 of the Dungeon.
             The game lasted 00:07:54 (1330 turns).

4thArraOfDagon the Covert (Spriggan Assassin)       Turns: 1330, Time: 00:07:55

Health: -16/30     AC:  4    Str: 10    XL:     6   Next: 15%
Magic:  7/7        EV: 17    Int: 12    God:
Gold:   52         SH:  0    Dex: 20    Spells: 0 memorised, 5 levels left

rFire  . . .     SeeInvis +     v - +0 short sword
rCold  . . .     Gourm    .     c - +0 robe
rNeg   . . .     Faith    .     (shield restricted)
rPois  +         Spirit   .     (helmet restricted)
rElec  .         Dismiss  .     f - +1 cloak {rPois}
rCorr  .         Reflect  .     (gloves unavailable)
SustAt .         Harm     .     (boots unavailable)
MR     +....                    (no amulet)
Stlth  +++++.....               (no ring)
                                n - +3 ring of strength

@: about to teleport, very quick, somewhat resistant to hostile enchantments,
quite stealthy
A: unfitting armour, see invisible, herbivore 3, speed 3, slow metabolism 2
a: no special abilities


You were on level 7 of the Dungeon.
You were not hungry.

You visited 1 branch of the dungeon, and saw 8 of its levels.

You collected 52 gold pieces.

Inventory:

Hand Weapons
 a - a +2 dagger
 b - a +0 blowgun
 v - a +0 short sword (weapon)
Missiles
 e - 5 poisoned needles
 p - a curare-tipped needle
 u - a throwing net (quivered)
Armour
 c - a +0 robe (worn)
 d - a +0 cloak
 f - a +1 cloak of poison resistance (worn)
Jewellery
 n - a +3 ring of strength (left hand)
Scrolls
 h - 3 scrolls of teleportation
 i - 3 scrolls of identify
 j - a scroll of fear
 k - a scroll of random uselessness {unknown}
 l - 2 scrolls of fog {unknown}
 w - a scroll of immolation {unknown}
 x - a scroll of summoning {unknown}
 y - 2 scrolls of silence {unknown}
Potions
 m - a potion of mutation {unknown}
 o - a potion of agility {unknown}
 q - a potion of heal wounds {unknown}
 r - a potion of ambrosia {unknown}
 s - a potion of might {unknown}
 t - a potion of magic {unknown}
Comestibles
 g - a bread ration


   Skills:
 - Level 1.5 Fighting
 * Level 5.0 Short Blades
 - Level 2.0 Throwing
 - Level 2.0 Dodging
 * Level 9.1 Stealth


You had 5 spell levels left.
You didn't know any spells.

Dungeon Overview and Level Annotations

Branches:
Dungeon (8/15)
 Temple: D:4-7         Lair: D:8-11

Altars:
Dithmenos
Fedhas

Shops:
D:7 [

Annotations:
D:7 Pikel


Innate Abilities, Weirdness & Mutations

You are tiny and cannot use many weapons and most armour.
You have supernaturally acute eyesight.
You are a herbivore.
You cover ground extremely quickly.
You need consume almost no food.


Message History

The phantom is unaffected.
It was a scroll of fear.
The phantom closely misses you.
The deep elf mage casts a spell.
The deep elf mage blinks!
Unknown command.
Read which item? (? for menu, Esc to quit)
As you read the scroll labeled YGOSAX NESEUBU, it crumbles to dust.
It is a scroll of identify.
Identify which item? (\ to view known items) (? for menu, Esc to quit)
h - 4 scrolls of teleportation The phantom hits you.
The phantom blinks!
Read which item? (? for menu, Esc to quit)
As you read the scroll of teleportation, it crumbles to dust.
You feel strangely unstable. The deep elf mage casts a spell at you.
The bolt of fire misses you. The deep elf mage casts a spell at you.
The bolt of fire hits you!
Ouch! That really hurt!
You die...

.. # .. #.#######.K
.......K. #. $.....a.
##########... #...#.#
#....@..W..#..##<..#.#
#e#####..............#
####.# ########....##
##...##### ##...##
#...e#..ยง# #...K>
#..8.'._.# ##..##
#....#...# #..##
#....##### #..##
#.#### #....


You could see a deep elf mage and a phantom.

Vanquished Creatures
  An ogre (D:7)
  A scorpion (D:4)
  A giant frog zombie (D:7)
  A hound (D:6)
  Crazy Yiuf (D:4)
  A worker ant (D:8)
  2 adders
  2 oozes
  An adder skeleton (D:4)
  A giant gecko (D:2)
  8 orcs
  A goblin (D:3)
  A kobold (D:7)
  A quokka (D:2)
  A bat (D:2)
  A jackal skeleton (D:6)
  3 rats
28 creatures vanquished.

Notes
Turn   | Place    | Note
--------------------------------------------------------------
     0 | D:1      | 4thArraOfDagon the Spriggan Assassin began the quest for the Orb.
     0 | D:1      | Reached XP level 1. HP: 10/10 MP: 2/2
     0 | D:1      | 4thArraOfDagon: 400k?lol
     0 | D:1      | pedritolo: yes!
     0 | D:1      | 4thArraOfDagon: that would be real torture for me
     6 | D:1      | pedritolo: lol i bet
   176 | D:2      | Reached skill level 6 in Stealth
   247 | D:2      | Reached XP level 2. HP: 12/14 MP: 3/3
   253 | D:2      | pedritolo: but even worse was my xom mummmy with almost 700k :)
   511 | D:3      | Found a blossoming altar of Fedhas.
   516 | D:3      | Reached XP level 3. HP: 18/18 MP: 4/4
   594 | D:4      | Noticed a scorpion
   597 | D:4      | Killed a scorpion
   597 | D:4      | Reached skill level 7 in Stealth
   597 | D:4      | Reached XP level 4. HP: 22/22 MP: 5/5
   645 | D:4      | Noticed Crazy Yiuf
   798 | D:4      | Killed Crazy Yiuf
   908 | D:5      | Entered Level 5 of the Dungeon
   946 | D:6      | Reached skill level 8 in Stealth
   946 | D:6      | Reached XP level 5. HP: 20/25 MP: 6/6
  1077 | D:7      | Noticed an ogre
  1078 | D:7      | Found Posief's Antique Armour Shoppe.
  1082 | D:7      | Killed an ogre
  1082 | D:7      | Reached skill level 5 in Short Blades
  1082 | D:7      | Reached skill level 9 in Stealth
  1082 | D:7      | Reached XP level 6. HP: 30/30 MP: 7/7
  1084 | D:7      | Noticed a slave
  1111 | D:7      | Noticed a slave
  1249 | D:7      | Noticed a slave
  1250 | D:7      | Noticed Pikel
  1252 | D:7      | Noticed a slave
  1318 | D:7      | Found a shadowy altar of Dithmenos.
  1318 | D:7      | Noticed a deep elf mage
  1319 | D:7      | Noticed a deep elf mage
  1330 | D:7      | Killed from afar by a deep elf mage

Vault maps used:
D:1:      saegor_arrival_under_anarchy, minmay_misc_feat_iff,
          minmay_misc_feat_chi
D:2:      first_bread, st_stairs_7, glass_columns_a
D:3:      fedhas_altar_1, minmay_misc_feat_alley, nrook_loot_triangle,
          grunt_ministairs_2
D:4:      minmay_temple_entry_junction, serial_shops, nicolae_shop_trees,
          gup_sewer_entry_spiral, uniq_duvessa, uniq_crazy_yiuf_cottage,
          uniq_edmund
D:5:      nemelex_deck, uniq_grinder
D:6:      gammafunk_pakellas_spire_experiment, grunt_decor_clamped, fountainhead
D:7:      gammafunk_temple_overflow_statue, grunt_temple_overflow_open,
          serial_shops, nicolae_shop_statue_plus, david_defended_altar_elf,
          uniq_pikel

Skill      XL: |  1  2  3  4  5 |
---------------+----------------+-----
Stealth        | 6 7 8 9 |  9.1
Dodging        | 2 |  2.0
Short Blades   | 3 4 5 |  5.0
Fighting       | |  1.5
Throwing       | |  2.0

Action                   |  1- 3 |  4- 6 || total
-------------------------+-------+-------++-------
Melee: Dagger            |    20 |    34 ||    54
       Short sword       |       |    11 ||    11
 Fire: Blowgun           |     5 |    24 ||    29
  Use: Scroll            |       |     3 ||     3
 Stab: Sleeping          |     6 |    10 ||    16
Armor: Robe              |     3 |     4 ||     7
Dodge: Dodged            |    12 |    28 ||    40
